 Dungeon Crawl Stone Soup version 0.27-a0-1334-g2746e35aca (webtiles) character file.

Game seed: 1341416164058181967

10313 Gargoyl the Fighter (level 11, -16/86 (89) HPs)
             Began as a Gnoll Abyssal Knight on June 26, 2021.
             Was a Priest of Lugonu.
             Killed from afar by a tengu conjurer (28 damage)
             ... with a bolt of lightning
             ... on level 10 of the Dungeon.
             The game lasted 00:15:44 (14341 turns).

Gargoyl the Fighter (Gnoll Abyssal Knight)         Turns: 14341, Time: 00:15:45

HP:   -16/86 (89)   AC: 18    Str: 14    XL:     11   Next: 60%
MP:   19/19         EV:  6    Int: 13    God:    Lugonu [***...]
Gold: 1599          SH:  5    Dex: 13    Spells: 23/23 levels left

rFire    + . .     SeeInvis .   e - +2 demon blade (venom)
rCold    . . .     Faith    .   K - +0 buckler
rNeg     . . .     Spirit   .   x - +0 plate armour
rPois    .         Reflect  .   (no helmet)
rElec    .         Harm     .   m - scarf {repulsion}
rCorr    .         Rampage  .   i - +2 pair of gloves
Will     .....                  G - +0 pair of boots
Stlth    ..........             (no amulet)
HPRegen  0.24/turn              H - +4 ring of slaying
MPRegen  0.16/turn              j - ring of protection from fire

@: lightly drained, repel missiles
A: fangs 1, strong nose, distributed training, agile 1, low mp 1, sense
surroundings 1
a: Renounce Religion, Depart the Abyss, Bend Space, Banish


You were on level 10 of the Dungeon.
You worshipped Lugonu.
Lugonu was most pleased with you.
You visited 1 branch of the dungeon, and saw 10 of its levels.
You visited the Abyss 1 time.

You collected 1599 gold pieces.

Inventory:

Hand Weapons
 a - a +1 hand axe
 e - a +2 demon blade of venom (weapon)
 g - a +1 spear of flaming
 o - a +2 war axe
 u - a +4 quarterstaff of chaos
Missiles
 v - 48 poisoned darts
 w - 6 silver javelins (quivered)
Armour
 i - a +2 pair of gloves (worn)
 m - a scarf of repulsion (worn)
 x - a +0 plate armour (worn)
 G - a +0 pair of boots (worn)
 K - a +0 buckler (worn)
Jewellery
 c - a ring of wizardry
 j - a ring of protection from fire (right hand)
 z - a ring of flight
 H - a +4 ring of slaying (left hand)
Wands
 d - a wand of digging (4)
 f - a wand of mindburst (7)
 l - a wand of acid (2)
 r - a wand of polymorph (22)
 E - a wand of flame (46)
 F - a wand of charming (6)
Scrolls
 s - a scroll of magic mapping
 y - 2 scrolls of teleportation
 C - a scroll of fear
Potions
 b - a potion of brilliance
 h - 3 potions of cancellation
 n - a potion of flight
 p - 2 potions of haste {unknown}
 q - 2 potions of magic {unknown}
 t - a potion of berserk rage {unknown}
 A - 2 potions of curing
 B - a potion of ambrosia {unknown}
 D - 2 potions of might {unknown}
 I - a potion of invisibility {unknown}


   Skills:
 + Level 9.5 Fighting
 + Level 6.8 Short Blades
 + Level 6.8 Long Blades
 + Level 8.3 Axes
 + Level 6.8 Maces & Flails
 + Level 6.8 Polearms
 + Level 6.8 Staves
 + Level 6.8 Slings
 + Level 6.8 Bows
 + Level 6.8 Crossbows
 + Level 6.8 Throwing
 + Level 8.3 Armour
 + Level 7.3 Dodging
 + Level 6.8 Stealth
 + Level 6.8 Shields
 + Level 6.8 Unarmed Combat
 + Level 6.8 Spellcasting
 + Level 5.6 Conjurations
 + Level 5.6 Hexes
 + Level 5.6 Summonings
 + Level 5.6 Necromancy
 + Level 5.6 Translocations
 + Level 5.6 Transmutations
 + Level 5.6 Fire Magic
 + Level 5.6 Ice Magic
 + Level 5.6 Air Magic
 + Level 5.6 Earth Magic
 + Level 5.6 Poison Magic
 + Level 8.8 Invocations
 + Level 6.8 Evocations


You had 23 spell levels left.
You didn't know any spells.
Your spell library contained the following spells:

 Spells                   Type           Power      Damage    Failure   Level
 Magic Dart               Conj           76%        1d6       63%         1
 Sandblast                Erth           38%        2d10      63%         1
 Passwall                 Tmut/Erth      15%        N/A       77%         2
 Searing Ray              Conj           38%        3d4       77%         2
 Dazzling Flash           Conj/Hex       38%        N/A       94%         3
 Stone Arrow              Conj/Erth      38%        3d9       94%         3
 Fulminant Prism          Conj/Hex       9%         3d7       100%        4
 Iskenderun's Mystic Bla  Conj/Tloc      19%        2d6       100%        4
 Petrify                  Tmut/Erth      19%        N/A       100%        4
 Lee's Rapid Deconstruct  Erth           9%         3d8*      100%        5


Dungeon Overview and Level Annotations

Branches:
Dungeon (10/15)            Temple (0/1) D:7            Lair (0/6) D:9
    Orc: D:9-12

Altars:
Cheibriados
Fedhas
Okawaru
The Shining One


Innate Abilities, Weirdness & Mutations

You have very sharp teeth.
Your uncanny sense of smell can sniff out nearby items.
Your experience applies equally to all skills.
You are agile. (Dex +2)
Your magical capacity is low. (-10% MP)
You passively map a small area around you.


Message History

The centaur hits you. You block the centaur's attack.
You slash the centaur!
The centaur is poisoned.
The centaur is heavily wounded.
You block the tengu conjurer's attack. The tengu conjurer pecks you.
The tengu conjurer barely misses you. The centaur hits you.
The centaur kicks you but does no damage.
You slash the centaur!
The centaur looks as sick as possible!
The centaur is almost dead.
You kill the centaur!
Lugonu accepts your kill.
The tengu conjurer hits you but does no damage.
The tengu conjurer pecks you but does no damage.
The tengu conjurer claws you but does no damage.
You hit the tengu conjurer.
The tengu conjurer is lightly wounded.
The tengu conjurer hits you but does no damage.
The tengu conjurer pecks you but does no damage.
The tengu conjurer barely misses you.
Unknown command.
You closely miss the tengu conjurer. Your bite misses the tengu conjurer.
The tengu conjurer is lightly wounded.
The tengu conjurer casts a spell at you.
The bolt of lightning hits you!!
* * * LOW HITPOINT WARNING * * *
You closely miss the tengu conjurer.
The tengu conjurer is lightly wounded.
The tengu conjurer casts a spell.
The tengu conjurer conjures a globe of magical energy!
A battlesphere comes into view.
Unknown command.
The tengu conjurer blocks your attack.
The tengu conjurer is lightly wounded.
The tengu conjurer hits you but does no damage.
The tengu conjurer pecks you but does no damage.
The tengu conjurer barely misses you.
You slash the tengu conjurer!
The tengu conjurer is poisoned.
The tengu conjurer is severely wounded.
The tengu conjurer casts a spell at you.
The bolt of lightning hits you!!
You die...

#.## ##..# ###..# #### *
#......#....# #####..## ###
.......#....####.##....# ##.##
,......##....#.<.##..### #...####
#....#........#.....###
#....#.#∆#.........^...#....#...
##......###.....).....>......#...
#..............Q@................
#....#.....##..*.........##......
.>#.#.#####.............######..#
..#.#.####..............#..##...#
........#...................#))##
.#.####..........#...)......).###
##.#.###.#)##...###..##.#.#..###.
#...>.####)##....#..#####.....##.
....(.## #.#####..#.......#.####.


You could see a tengu conjurer (very poisoned) and a battlesphere.

Vanquished Creatures
  The ghost of nano the Nimble, a journeyman DjTm of Makhleb (D:9)
  2 two-headed ogres
  Nergalle (D:10)
  Pikel (D:4)
  A deep elf pyromancer (D:10)
  A cyclops (D:10)
  Maggie (D:8)
  A komodo dragon (D:9)
  Grinder (D:4)
  5 yaks (D:8)
  5 wyverns
  2 basilisks (D:9)
  A neqoxec (D:9)
  2 steam dragons (D:9)
  3 orc warriors
  2 ice beasts
  A black bear (D:7)
  4 ogres
  2 centaurs
  2 lemures (D:4)
  A bullfrog (D:8)
  A scorpion (D:6)
  A gnoll sergeant (D:9)
  A water moccasin skeleton (D:7)
  20 wights
  4 killer bees (D:10)
  5 howler monkeys
  2 quasits (D:9)
  4 centaur zombies
  Crazy Yiuf (D:4)
  7 orc priests
  A centaur skeleton (D:6)
  3 hounds
  A gnoll shaman (D:6)
  2 iguanas
  Natasha (thrice) (D:2)
  5 orc wizards
  A mummy (D:6)
  A howler monkey zombie (D:6)
  5 adders
  9 gnolls
  2 shadow imps
  2 white imps
  An ufetubus (D:7)
  An adder zombie (D:5)
  4 worms
  A dart slug (D:1)
  25 orcs
  7 endoplasms
  2 giant cockroaches
  4 hobgoblins
  9 jackals
  2 quokkas
  12 ball pythons
  6 bats
  5 frilled lizards
  8 goblins
  7 kobolds
  6 rats
221 creatures vanquished.

Vanquished Creatures (others)
  A quasit (D:9)
  8 plants (D:1)
9 creatures vanquished.

Grand Total: 230 creatures vanquished

Notes
Turn   | Place    | Note
-------+----------+-------------------------------------------
     0 | Abyss:1  | Gargoyl the Gnoll Abyssal Knight began the quest for the
                  | Orb.
     0 | Abyss:1  | Reached XP level 1. HP: 23/23 MP: 3/3
    56 | Abyss:3  | Noticed a balrug
    56 | Abyss:3  | Noticed a red devil
    56 | Abyss:3  | Noticed a sun demon
    56 | D:1      | Escaped the Abyss
   139 | D:1      | Reached * piety under Lugonu
   145 | D:1      | Reached XP level 2. HP: 28/29 MP: 5/5
   559 | D:1      | Reached XP level 3. HP: 33/35 MP: 6/6
  1134 | D:2      | Found a faded altar of an unknown god.
  1160 | D:2      | Reached skill level 1 in Short Blades
  1160 | D:2      | Reached skill level 1 in Long Blades
  1160 | D:2      | Reached skill level 1 in Maces & Flails
  1160 | D:2      | Reached skill level 1 in Polearms
  1160 | D:2      | Reached skill level 1 in Staves
  1160 | D:2      | Reached skill level 1 in Slings
  1160 | D:2      | Reached skill level 1 in Bows
  1160 | D:2      | Reached skill level 1 in Crossbows
  1160 | D:2      | Reached skill level 1 in Throwing
  1160 | D:2      | Reached skill level 1 in Stealth
  1160 | D:2      | Reached skill level 1 in Shields
  1160 | D:2      | Reached skill level 1 in Unarmed Combat
  1160 | D:2      | Reached skill level 1 in Spellcasting
  1160 | D:2      | Reached skill level 1 in Evocations
  1600 | D:2      | Reached ** piety under Lugonu
  1601 | D:2      | Reached XP level 4. HP: 39/41 MP: 7/7
  1829 | D:2      | Noticed Natasha
  1851 | D:2      | Killed Natasha
  1852 | D:2      | Reached skill level 1 in Conjurations
  1852 | D:2      | Reached skill level 1 in Hexes
  1852 | D:2      | Reached skill level 1 in Summonings
  1852 | D:2      | Reached skill level 1 in Necromancy
  1852 | D:2      | Reached skill level 1 in Translocations
  1852 | D:2      | Reached skill level 1 in Transmutations
  1852 | D:2      | Reached skill level 1 in Fire Magic
  1852 | D:2      | Reached skill level 1 in Ice Magic
  1852 | D:2      | Reached skill level 1 in Air Magic
  1852 | D:2      | Reached skill level 1 in Earth Magic
  1852 | D:2      | Reached skill level 1 in Poison Magic
  2373 | D:2      | Noticed Natasha
  2524 | D:2      | Killed Natasha
  2525 | D:2      | Reached XP level 5. HP: 24/47 MP: 8/8
  2791 | D:2      | Noticed Natasha
  2802 | D:2      | Killed Natasha
  2939 | D:3      | Reached skill level 8 in Fighting
  2939 | D:3      | Reached skill level 5 in Dodging
  2939 | D:3      | Reached XP level 6. HP: 56/56 MP: 12/12
  3253 | D:3      | Found a blossoming altar of Fedhas.
  4096 | D:4      | Gained mutation: You passively map a small area around you.
                  | [potion of mutation]
  4096 | D:4      | Gained mutation: You are agile. (Dex +2) [potion of
                  | mutation]
  4134 | D:4      | Noticed Grinder
  4143 | D:4      | Killed Grinder
  4144 | D:4      | Reached XP level 7. HP: 48/62 MP: 14/14
  4296 | D:4      | Identified the +1 whip of Unreason {antimagic, Int+4}
  4744 | D:4      | Noticed Pikel
  4769 | D:4      | Killed Pikel
  4770 | D:4      | Reached XP level 8. HP: 38/68 MP: 15/15
  5087 | D:4      | Found a runed translucent door.
  5088 | D:4      | Noticed Crazy Yiuf
  5214 | D:4      | Killed Crazy Yiuf
  5215 | D:4      | Reached skill level 5 in Short Blades
  5215 | D:4      | Reached skill level 5 in Long Blades
  5215 | D:4      | Reached skill level 5 in Maces & Flails
  5215 | D:4      | Reached skill level 5 in Polearms
  5215 | D:4      | Reached skill level 5 in Staves
  5215 | D:4      | Reached skill level 5 in Slings
  5215 | D:4      | Reached skill level 5 in Bows
  5215 | D:4      | Reached skill level 5 in Crossbows
  5215 | D:4      | Reached skill level 5 in Throwing
  5215 | D:4      | Reached skill level 5 in Stealth
  5215 | D:4      | Reached skill level 5 in Shields
  5215 | D:4      | Reached skill level 5 in Unarmed Combat
  5215 | D:4      | Reached skill level 5 in Spellcasting
  5215 | D:4      | Reached skill level 5 in Evocations
  5378 | D:5      | Entered Level 5 of the Dungeon
  5915 | D:5      | Found an iron altar of Okawaru.
  6765 | D:6      | Reached XP level 9. HP: 54/75 MP: 16/16
  7468 | D:6      | Found a glowing golden altar of the Shining One.
  7545 | D:6      | Found a snail-covered altar of Cheibriados.
  7797 | D:7      | Found a staircase to the Ecumenical Temple.
  8496 | D:8      | Noticed Maggie
  8511 | D:8      | Killed Maggie
  8714 | D:8      | Reached *** piety under Lugonu
  8785 | D:8      | Reached XP level 10. HP: 25/82 MP: 18/18
 10143 | D:8      | Reached skill level 9 in Fighting
 10386 | D:9      | Reached skill level 5 in Conjurations
 10386 | D:9      | Reached skill level 5 in Hexes
 10386 | D:9      | Reached skill level 5 in Summonings
 10386 | D:9      | Reached skill level 5 in Necromancy
 10386 | D:9      | Reached skill level 5 in Translocations
 10386 | D:9      | Reached skill level 5 in Transmutations
 10386 | D:9      | Reached skill level 5 in Fire Magic
 10386 | D:9      | Reached skill level 5 in Ice Magic
 10386 | D:9      | Reached skill level 5 in Air Magic
 10386 | D:9      | Reached skill level 5 in Earth Magic
 10386 | D:9      | Reached skill level 5 in Poison Magic
 10443 | D:9      | Noticed a two-headed ogre
 10452 | D:9      | Killed a two-headed ogre
 11237 | D:9      | Found a staircase to the Lair.
 11267 | D:9      | Reached XP level 11. HP: 89/89 MP: 20/20
 11432 | D:9      | Reached **** piety under Lugonu
 11638 | D:9      | HP: 4/89 [something (11)]
 12156 | D:9      | Found a transporter.
 12158 | D:9      | Noticed nano's ghost (journeyman DjTm)
 12327 | D:9      | Found a transporter.
 12367 | D:9      | Gained mutation: Your magical capacity is low. (-10% MP) [a
                  | neqoxec]
 12757 | D:9      | Killed nano's ghost
 12846 | D:10     | Entered Level 10 of the Dungeon
 12928 | D:10     | Noticed a two-headed ogre
 12935 | D:10     | Killed a two-headed ogre
 13610 | D:10     | Noticed Nergalle
 13628 | D:10     | Noticed a spectral orc warlord
 13855 | D:10     | Identified 2 scrolls of acquirement
 13855 | D:10     | Acquired 1111 gold pieces
 13857 | D:10     | Acquired a +2 demon blade of venom
 13870 | D:10     | Noticed a deep elf pyromancer
 13870 | D:10     | Noticed a cyclops
 13895 | D:10     | Killed a cyclops
 13957 | D:10     | Killed a deep elf pyromancer
 14332 | D:10     | Killed Nergalle
 14341 | D:10     | Killed from afar by a tengu conjurer

Illustrated notes

Levels and vault maps discovered:
D:1:      giann_forest_graveyard, layout_loops_ring, serial_bayou_crossing
D:2:      layout_loops_ring, chequers_ecumenical_altar_island, uniq_natasha
D:3:      layout_basic, general_overflow_altar
D:4:      minmay_spotlight, layout_basic, uniq_crazy_yiuf_cottage, uniq_grinder,
          uniq_pikel
D:5:      layout_basic, lemuel_tele_altar
D:6:      layout_rooms, nicolae_tso_swordbearing_angel, chei_slow_surprise
D:7:      layout_loops_ring, minmay_temple_entry_trees,
          minmay_misc_feat_enclosed, nicolae_zen_rock_garden
D:8:      layout_basic, corexii_hall_statues_t, minmay_misc_feat_diagonals,
          uniq_maggie
D:9:      layout_roguey, erik_lair_dragon, gammafunk_ghost_stat_death
D:10:     layout_cave_pools, minmay_microvault, uniq_nergalle

Skill      XL: |  1  2  3  4  5  6  7  8  9 10 11 |
---------------+----------------------------------+-----
Short Blades   | 1 4 5 6 |  6.8
Long Blades    | 1 4 5 6 |  6.8
Maces & Flails | 1 4 5 6 |  6.8
Polearms       | 1 4 5 6 |  6.8
Staves         | 1 4 5 6 |  6.8
Slings         | 1 4 5 6 |  6.8
Bows           | 1 4 5 6 |  6.8
Crossbows      | 1 4 5 6 |  6.8
Throwing       | 1 4 5 6 |  6.8
Stealth        | 1 4 5 6 |  6.8
Shields        | 1 4 5 6 |  6.8
Unarmed Combat | 1 4 5 6 |  6.8
Spellcasting   | 1 4 5 6 |  6.8
Evocations     | 1 4 5 6 |  6.8
Conjurations   | 1 3 4 5 |  5.6
Hexes          | 1 3 4 5 |  5.6
Summonings     | 1 3 4 5 |  5.6
Necromancy     | 1 3 4 5 |  5.6
Translocations | 1 3 4 5 |  5.6
Transmutations | 1 3 4 5 |  5.6
Fire Magic     | 1 3 4 5 |  5.6
Ice Magic      | 1 3 4 5 |  5.6
Air Magic      | 1 3 4 5 |  5.6
Earth Magic    | 1 3 4 5 |  5.6
Poison Magic   | 1 3 4 5 |  5.6
Dodging        | 5 6 7 |  7.3
Fighting       | 8 9 |  9.5
Axes           | 6 7 8 |  8.3
Armour         | 6 7 8 |  8.3
Invocations    | 6 7 8 |  8.8

Action                   |  1- 3 |  4- 6 |  7- 9 | 10-12 || total
-------------------------+-------+-------+-------+-------++-------
Melee: Hand axe          |   134 |   145 |    44 |       ||   323
       Bite              |     8 |    10 |    20 |    39 ||    77
       Punch             |       |     2 |     2 |       ||     4
       Quarterstaff      |       |       |   222 |   261 ||   483
       Whip              |       |       |     5 |       ||     5
       Demon blade       |       |       |       |    40 ||    40
Throw: Javelin           |       |       |    16 |    13 ||    29
Invok: Depart the Abyss  |     1 |       |       |       ||     1
       Banish            |       |       |       |     4 ||     4
       Bend Space        |       |       |       |     2 ||     2
Evoke: Wand              |       |     3 |       |     1 ||     4
  Use: Scroll            |     3 |     7 |     8 |     7 ||    25
       Potion            |       |     2 |     3 |     4 ||     9
 Stab: Sleeping          |       |     3 |       |       ||     3
       Confused          |       |       |       |     3 ||     3
Armor: Ring mail         |    80 |    54 |    10 |       ||   144
       Chain mail        |       |       |     7 |       ||     7
       Plate armour      |       |       |   192 |   278 ||   470
       Skin              |       |       |     7 |       ||     7
Dodge: Dodged            |    95 |    79 |    88 |   110 ||   372
       Repelled          |       |       |       |     1 ||     1
Block: Buckler           |       |       |       |    14 ||    14
       Rpst.: Demon blade |       |       |       |     5 ||     5

Table legend: (Time is in decaauts)
 A = Elapsed time spent in this place.
 B = Non-inter-level travel time spent in this place.
 C = Inter-level travel time spent in this place.
 D = Time resting spent in this place.
 E = Time spent auto-exploring this place.
 F = Levels seen in this place.
 G = Mean time per level.
                   A        B        C        D        E       F      G
               +--------+--------+--------+--------+--------+-----+--------+
         Total |  14405 |  13986 |    419 |   2282 |   9460 |  13 | 1108.1 |
       Dungeon |  14350 |  13931 |    419 |   2282 |   9448 |  10 | 1435.0 |
         Abyss |     55 |     55 |      0 |      0 |     12 |   3 |   18.3 |
               +--------+--------+--------+--------+--------+-----+--------+

Top non-repeatable levels by time:
     D:9: 2474 daAuts
     D:2: 1904 daAuts
     D:8: 1887 daAuts
    D:10: 1493 daAuts
     D:4: 1284 daAuts
     D:6: 1246 daAuts
     D:3: 1153 daAuts
     D:1: 1039 daAuts
     D:5: 996 daAuts
     D:7: 872 daAuts
 Abyss:2: 26 daAuts
 Abyss:3: 20 daAuts
 Abyss:1: 8 daAuts
